Minnesota North Stars vs Calgary Flames (R1)

Created - Wednesday, August 27, 2025 at 08:40

Goals
1 2 3 T
Minnesota North Stars 1 1 1 3
Calgary Flames 2 0 0 2
Shots
1 2 3 T
Minnesota North Stars 17 12 6 35
Calgary Flames 20 5 14 39

1st period

1. Calgary Flames , Sebastian Aho 7 (Bo Horvat 14, Zach Hyman 9) at 7:44
2. Minnesota North Stars , Valeri Nichushkin 8 (Jack Hughes 16, Jonathan Marchessault 4) at 12:04
3. Calgary Flames , Bo Horvat 13 (Jeremy Lauzon 5) at 17:10 (PP)

Penalties :
J.T. Miller (CGY) for Fighting (Major) at 7:03, Erik Cernak (MNS) for Fighting (Major) at 7:03, Matthew Tkachuk (CGY) for Interference (Minor) at 9:46, Zach Hyman (CGY) for Slashing (Minor) at 14:14, Neal Pionk (MNS) for Tripping (Minor) at 16:42

2nd period

4. Minnesota North Stars , Mattias Janmark 2 (William Karlsson 5, Jack Hughes 17) at 15:46

Penalties :
Kris Letang (CGY) for Interference (Minor) at 1:17, Mathieu Joseph (CGY) for Holding (Minor) at 5:56, Neal Pionk (MNS) for Hooking (Minor) at 9:11, Sebastian Aho (CGY) for Slashing (Minor) at 16:04, Rasmus Dahlin (MNS) for Interference (Minor) at 0:00

3rd period

5. Minnesota North Stars , Jack Hughes 7 (Frank Vatrano 5) at 3:37

Penalties :
Erik Cernak (MNS) for Roughing (Minor) at 4:41, Ryan Nugent-Hopkins (MNS) for Tripping (Minor) at 10:36, Niko Mikkola (MNS) for Hooking (Minor) at 11:19, Gustav Forsling (MNS) for Slashing (Minor) at 19:40

Goalie Stats

Logan Thompson (MNS), 37 saves from 39 shots - (0.949), W, 7-3-1, 60:00 minutes
Ilya Sorokin (CGY), 32 saves from 35 shots - (0.914), L, 6-3-1, 58:48 minutes

Players Stats for Minnesota North Stars

Player Name              G  A  P  +/- PIM S  H  SB GA TA FO     MP     PP MP  PK MP  
------------------------------------------------------------------------------------
Brock Nelson             0  0  0  -1  0   1  3  0  0  1  6/14   15:05   5:12   0:00 
Erik Cernak              0  0  0   0  7   0  0  1  0  1  0/0    16:06   0:00   3:06 
Evgeni Malkin            0  0  0   1  0   1  2  0  1  0  4/8    14:30   5:05   0:00 
Frank Vatrano            0  1  1   1  0   1  1  0  0  0  0/0     9:17   0:00   0:00 
Gustav Forsling          0  0  0   3  2   0  0  1  0  2  0/0    26:00   5:28   4:21 
Ivan Barbashev           0  0  0   1  0   1  0  0  0  0  0/0     7:47   0:00   0:00 
Jack Hughes              1  2  3   2  0   6  0  1  0  1  4/10   15:15   4:43   0:00 
Jonathan Marchessault    0  1  1   1  0   2  1  0  0  0  1/3    18:26   4:39   1:19 
Kent Johnson             0  0  0  -1  0   3  0  0  2  0  0/1    11:39   0:00   0:05 
Matt Roy                 0  0  0   0  0   2  4  0  0  1  0/0    22:35   4:27   4:47 
Mattias Janmark          1  0  1   1  0   2  0  3  0  0  1/2    13:38   0:11   4:22 
Neal Pionk               0  0  0   0  4   5  2  0  0  0  0/0    19:19   5:28   0:00 
Niko Mikkola             0  0  0   2  2   0  0  2  0  1  0/0    16:21   0:00   4:37 
Rasmus Dahlin            0  0  0  -1  2   1  3  1  1  0  0/0    21:30   4:27   2:02 
Ryan Nugent-Hopkins      0  0  0   0  2   3  0  1  0  0  7/18   14:41   0:00   4:00 
Valeri Nichushkin        1  0  1   0  0   4  1  0  2  0  0/2    16:34   4:43   0:00 
William Eklund           0  0  0   0  0   3  2  2  1  1  0/1    19:12   5:12   4:07 
William Karlsson         0  1  1   1  0   0  0  1  0  0  8/13   11:15   0:00   3:45 

Players Stats for Calgary Flames

Player Name              G  A  P  +/- PIM S  H  SB GA TA FO     MP     PP MP  PK MP  
------------------------------------------------------------------------------------
Alec Martinez            0  0  0   0  0   0  1  2  0  1  0/1    19:00   0:19   5:23 
Ben Meyers               0  0  0   0  0   2  0  1  0  0  1/1     9:17   0:19   0:42 
Bo Horvat                1  1  2   1  0   5  3  2  4  0  16/30  20:18   4:23   4:38 
Cale Makar               0  0  0  -1  0   6  0  5  1  1  0/0    22:56   4:36   5:08 
Chris Kreider            0  0  0   0  0   5  1  0  0  0  1/1    15:32   4:45   0:00 
Drew Doughty             0  0  0  -2  0   0  0  0  0  0  0/0    24:39   4:51   5:30 
Filip Hronek             0  0  0  -1  0   0  0  2  0  0  0/0    14:39   0:00   0:01 
J.T. Miller              0  0  0   0  5   4  1  0  1  0  11/20  17:42   4:45   3:23 
Jeremy Lauzon            0  1  1   1  0   0  2  1  0  0  0/0    17:46   4:51   0:01 
Joel Eriksson Ek         0  0  0  -3  0   3  1  0  0  2  6/7    15:09   0:00   4:51 
Kris Letang              0  0  0  -1  2   0  0  2  0  1  0/0    22:30   4:36   3:47 
Mathieu Joseph           0  0  0   0  2   3  0  1  0  0  0/0    15:36   4:41   0:00 
Matthew Tkachuk          0  0  0  -3  2   4  1  0  0  2  0/2    13:52   0:00   1:19 
Nic Dowd                 0  0  0   0  0   3  3  2  0  0  3/5     8:38   0:23   0:00 
Nick Paul                0  0  0   0  0   0  0  0  1  0  0/0     6:50   0:00   0:00 
Pavel Zacha              0  0  0  -2  0   0  1  1  0  0  0/0     9:58   0:00   0:00 
Sebastian Aho            1  0  1   0  2   4  3  2  1  0  3/5    20:55   4:23   4:57 
Zach Hyman               0  1  1   1  2   0  3  0  0  0  0/0    14:42   4:23   0:00 

3 Stars

1 - Jack Hughes (MNS)
2 - Bo Horvat (CGY)
3 - Logan Thompson (MNS)

Power Play

Minnesota North Stars - 0 on 5 Attempt(s) - 0.00%
Calgary Flames - 1 on 7 Attempt(s) - 14.29%

Penalty Kill

Minnesota North Stars - 6 on 7 Attempt(s) - 85.71% - Score 0 goal in Penalty Kill
Calgary Flames - 5 on 5 Attempt(s) - 100.00% - Score 0 goal in Penalty Kill

Team Stat

Minnesota North Stars - Hits : 19 - Faceoff Wins : 31 - Blocked Shots : 13 - Penalty Minutes : 19
Calgary Flames - Hits : 20 - Faceoff Wins : 41 - Blocked Shots : 21 - Penalty Minutes : 15

Official

Referees : Carter Sandlak and Chris Rooney
Linesman : Matt MacPherson

Game Notes

J.T. Miller beats up Erik Cernak at 7:03 of 1st period

Finance

Level 1 -- Attendance: 4676 (77.93%) -- Ticket Income $467,600
Level 2 -- Attendance: 3847 (76.94%) -- Ticket Income $230,820
Level 3 -- Attendance: 2408 (80.27%) -- Ticket Income $84,280
Level 4 -- Attendance: 4021 (80.42%) -- Ticket Income $100,525
Luxury Box -- Attendance: 832 (83.20%) -- Ticket Income $166,400
Game was played at the Scotiabank Saddledome.
Total Attendance: 15784 (78.92%)
Total Ticket Income: $1,049,625
Other Income: $367,369
Total Income: $1,416,994

Minnesota North Stars

5 vs 5 Forward 
   Center                   Left Wing                Right Wing               Time % Phy DF OF 
 1 Brock Nelson             Kent Johnson             Valeri Nichushkin        31     1   2  2  
 2 Jack Hughes              Evgeni Malkin            Frank Vatrano            31     1   2  2  
 3 Ryan Nugent-Hopkins      William Eklund           Jonathan Marchessault    30     1   2  2  
 4 William Karlsson         Ivan Barbashev           Mattias Janmark          8      1   2  2  

5 vs 5 Defense 
   Defense                  Defense                                           Time % Phy DF OF 
 1 Neal Pionk               Matt Roy                                          34     2   2  1  
 2 Rasmus Dahlin            Erik Cernak                                       33     2   2  1  
 3 Gustav Forsling          Niko Mikkola                                      33     2   2  1  
 4 Rasmus Dahlin            Matt Roy                                          0      1   2  2  

PowerPlay Forward 
   Center                   Left Wing                Right Wing               Time % Phy DF OF 
 1 Jack Hughes              Jonathan Marchessault    Valeri Nichushkin        50     0   1  4  
 2 Evgeni Malkin            Brock Nelson             William Eklund           50     0   1  4  

PowerPlay Defense
   Defense                  Defense                                           Time % Phy DF OF 
 1 Rasmus Dahlin            Matt Roy                                          50     0   2  3  
 2 Gustav Forsling          Neal Pionk                                        50     0   2  3  

Penalty Kill 4 Players Forward 
   Center                   Wing                     Time % Phy DF OF 
 1 Ryan Nugent-Hopkins      William Eklund           50     0   5  0  
 2 William Karlsson         Mattias Janmark          50     0   5  0  

Penalty Kill 4 Players Defense
   Defense                  Defense                  Time % Phy DF OF 
 1 Erik Cernak              Gustav Forsling          50     0   5  0  
 2 Matt Roy                 Niko Mikkola             50     0   5  0  

Penalty Kill - 3 Players Forward 
   Forward                                           Time % Phy DF OF 
 1 Ryan Nugent-Hopkins                               50     0   5  0  
 2 Mattias Janmark                                   50     0   5  0  

Penalty Kill - 3 Players Defense
   Defense                  Defense                  Time % Phy DF OF 
 1 Matt Roy                 Erik Cernak              50     0   5  0  
 2 Gustav Forsling          Niko Mikkola             50     0   5  0  

4 vs 4 Forward 
   Center                   Wing                     Time % Phy DF OF 
 1 Jack Hughes              Valeri Nichushkin        50     1   2  2  
 2 Evgeni Malkin            William Eklund           50     1   2  2  

4 vs 4 Defense
   Defense                  Defense                  Time % Phy DF OF 
 1 Rasmus Dahlin            Neal Pionk               50     1   3  1  
 2 Gustav Forsling          Niko Mikkola             50     1   3  1  

Last Minutes Offensive
   Center                   Left Wing                Right Wing               Defense                  Defense                  
   Jack Hughes              Jonathan Marchessault    Valeri Nichushkin        Rasmus Dahlin            Gustav Forsling          

Last Minutes Defensive
   Center                   Left Wing                Right Wing               Defense                  Defense                  
   Ryan Nugent-Hopkins      Mattias Janmark          Valeri Nichushkin        Erik Cernak              Gustav Forsling          

Goaltenders
Starting : Logan Thompson           
Backup : Charlie Lindgren         

Extra Forwards
Normal : William Eklund, Ivan Barbashev, Jonathan Marchessault - PP : William Eklund, Jonathan Marchessault - PK : Jonathan Marchessault
Extra Defensemen
Normal : Neal Pionk, Niko Mikkola, Gustav Forsling - PP : Neal Pionk - PK : Niko Mikkola, Gustav Forsling
Penalty Shots
William Eklund, Jonathan Marchessault, Valeri Nichushkin, Evgeni Malkin, Ryan Nugent-Hopkins

Scratches
Lawson Crouse (Healthy), Dylan DeMelo (Healthy)

Calgary Flames

5 vs 5 Forward 
   Center                   Left Wing                Right Wing               Time % Phy DF OF 
 1 Bo Horvat                Sebastian Aho            Zach Hyman               30     1   2  2  
 2 J.T. Miller              Chris Kreider            Mathieu Joseph           30     1   2  2  
 3 Joel Eriksson Ek         Matthew Tkachuk          Pavel Zacha              25     1   2  2  
 4 Nic Dowd                 Nick Paul                Ben Meyers               15     1   2  2  

5 vs 5 Defense 
   Defense                  Defense                                           Time % Phy DF OF 
 1 Cale Makar               Kris Letang                                       35     1   2  2  
 2 Filip Hronek             Drew Doughty                                      35     1   2  2  
 3 Jeremy Lauzon            Alec Martinez                                     30     1   2  2  
 4 Cale Makar               Kris Letang                                       0      1   2  2  

PowerPlay Forward 
   Center                   Left Wing                Right Wing               Time % Phy DF OF 
 1 Bo Horvat                Sebastian Aho            Zach Hyman               50     1   2  2  
 2 J.T. Miller              Chris Kreider            Mathieu Joseph           50     1   2  2  

PowerPlay Defense
   Defense                  Defense                                           Time % Phy DF OF 
 1 Cale Makar               Kris Letang                                       50     1   2  2  
 2 Jeremy Lauzon            Drew Doughty                                      50     1   2  2  

Penalty Kill 4 Players Forward 
   Center                   Wing                     Time % Phy DF OF 
 1 Bo Horvat                Sebastian Aho            50     1   2  2  
 2 J.T. Miller              Joel Eriksson Ek         50     1   2  2  

Penalty Kill 4 Players Defense
   Defense                  Defense                  Time % Phy DF OF 
 1 Cale Makar               Kris Letang              50     1   2  2  
 2 Alec Martinez            Drew Doughty             50     1   2  2  

Penalty Kill - 3 Players Forward 
   Forward                                           Time % Phy DF OF 
 1 Bo Horvat                                         50     1   2  2  
 2 Sebastian Aho                                     50     1   2  2  

Penalty Kill - 3 Players Defense
   Defense                  Defense                  Time % Phy DF OF 
 1 Cale Makar               Kris Letang              50     1   2  2  
 2 Alec Martinez            Drew Doughty             50     1   2  2  

4 vs 4 Forward 
   Center                   Wing                     Time % Phy DF OF 
 1 Bo Horvat                Sebastian Aho            50     1   2  2  
 2 J.T. Miller              Joel Eriksson Ek         50     1   2  2  

4 vs 4 Defense
   Defense                  Defense                  Time % Phy DF OF 
 1 Cale Makar               Kris Letang              50     1   2  2  
 2 Jeremy Lauzon            Drew Doughty             50     1   2  2  

Last Minutes Offensive
   Center                   Left Wing                Right Wing               Defense                  Defense                  
   Bo Horvat                Sebastian Aho            Zach Hyman               Cale Makar               Kris Letang              

Last Minutes Defensive
   Center                   Left Wing                Right Wing               Defense                  Defense                  
   Bo Horvat                Sebastian Aho            Zach Hyman               Cale Makar               Kris Letang              

Goaltenders
Starting : Ilya Sorokin             
Backup : Anton Forsberg           

Extra Forwards
Normal : Nic Dowd, Ben Meyers, Matthew Tkachuk - PP : Nic Dowd, Ben Meyers - PK : Matthew Tkachuk
Extra Defensemen
Normal : Jeremy Lauzon, Alec Martinez, Kris Letang - PP : Jeremy Lauzon - PK : Alec Martinez, Cale Makar
Penalty Shots
Bo Horvat, Sebastian Aho, J.T. Miller, Joel Eriksson Ek, Zach Hyman

Scratches
Angus Crookshank (Healthy)

% Time on Ice - Minnesota North Stars

Lines # - Real PCT - Wanted PCT - Time Play
Normal Forward
1 - 29% - 31% - 11:22
2 - 28% - 31% - 11:16
3 - 24% - 30% - 9:42
4 - 19% - 8% - 7:27
Normal Defense
1 - 38% - 34% - 14:56
2 - 30% - 33% - 11:58
3 - 29% - 33% - 11:25
4 - 4% - 0% - 1:28
PP Forward
1 - 48% - 50% - 4:43
2 - 52% - 50% - 5:12
PP Defense
1 - 45% - 50% - 4:27
2 - 55% - 50% - 5:28
PK Forward
1 - 53% - 50% - 4:21
2 - 47% - 50% - 3:50
PK Defense
1 - 48% - 50% - 3:54
2 - 52% - 50% - 4:17
PK3 Forward
1 - 80% - 50% - 1:01
2 - 20% - 50% - 0:15
PK3 Defense
1 - 42% - 50% - 0:32
2 - 58% - 50% - 0:44
44 Forward
1 - 0% - 50%
2 - 0% - 50%
44 Defense
1 - 0% - 50%
2 - 0% - 50%
Last Minute Offensive  - 0:00
Last Minute Defensive  - 0:51
Total
Forward - 60:00
Defense - 60:00

% Time on Ice - Calgary Flames

Lines # - Real PCT - Wanted PCT - Time Play
Normal Forward
1 - 29% - 30% - 11:37
2 - 29% - 30% - 11:21
3 - 25% - 25% - 9:58
4 - 17% - 15% - 6:50
Normal Defense
1 - 35% - 35% - 13:47
2 - 35% - 35% - 14:03
3 - 29% - 30% - 11:39
4 - 1% - 0% - 0:17
PP Forward
1 - 50% - 50% - 4:42
2 - 50% - 50% - 4:45
PP Defense
1 - 49% - 50% - 4:36
2 - 51% - 50% - 4:51
PK Forward
1 - 51% - 50% - 5:03
2 - 49% - 50% - 4:52
PK Defense
1 - 52% - 50% - 5:09
2 - 48% - 50% - 4:46
PK3 Forward
1 - 0% - 50%
2 - 0% - 50%
PK3 Defense
1 - 0% - 50%
2 - 0% - 50%
44 Forward
1 - 0% - 50%
2 - 0% - 50%
44 Defense
1 - 0% - 50%
2 - 0% - 50%
Last Minute Offensive  - 0:52
Last Minute Defensive  - 0:00
Total
Forward - 60:00
Defense - 60:00

Play-by-Play

1st period


0:01 of 1st period - Brock Nelson wins face-off versus Bo Horvat in neutral zone.
1:14 of 1st period - Snap shot by Sebastian Aho.
1:14 of 1st period - Stopped by Logan Thompson with a rebound.
1:25 of 1st period - Off-side.
1:26 of 1st period - William Karlsson wins face-off versus Nic Dowd in neutral zone.
1:29 of 1st period - Wrist shot by Ivan Barbashev.
1:29 of 1st period - Stopped by Ilya Sorokin with a rebound.
2:07 of 1st period - Niko Mikkola is hit by Nic Dowd and loses puck.
2:46 of 1st period - Snap shot by Jack Hughes.
2:46 of 1st period - Shot Misses the Net.
3:08 of 1st period - Wrist shot by Frank Vatrano.
3:08 of 1st period - Deflect By Jack Hughes.
3:08 of 1st period - Shot Misses the Net.
3:08 of 1st period - Puck is out of play.
3:09 of 1st period - Ryan Nugent-Hopkins wins face-off versus J.T. Miller in Calgary Flames zone.
3:10 of 1st period - Wrist shot by William Eklund.
3:10 of 1st period - Shot Hit the Post.
3:16 of 1st period - Erik Cernak is hit by Alec Martinez and loses puck.
3:35 of 1st period - Slapshot by Sebastian Aho.
3:35 of 1st period - Deflect By Bo Horvat.
3:35 of 1st period - Shot Blocked by William Eklund.
3:35 of 1st period - Puck is out of play.
3:36 of 1st period - Bo Horvat wins face-off versus Brock Nelson in Minnesota North Stars zone.
3:51 of 1st period - Slapshot by Valeri Nichushkin.
3:51 of 1st period - Stopped by Ilya Sorokin without a rebound.
3:52 of 1st period - Joel Eriksson Ek wins face-off versus Ryan Nugent-Hopkins in Calgary Flames zone.
3:57 of 1st period - Snap shot by Matthew Tkachuk.
3:57 of 1st period - Shot Misses the Net.
3:59 of 1st period - Slapshot by Alec Martinez.
3:59 of 1st period - Shot Misses the Net.
4:01 of 1st period - Slapshot by Alec Martinez.
4:01 of 1st period - Shot Misses the Net.
4:03 of 1st period - Slapshot by Jeremy Lauzon.
4:03 of 1st period - Shot Misses the Net.
4:05 of 1st period - Slapshot by Jeremy Lauzon.
4:05 of 1st period - Shot Misses the Net.
4:19 of 1st period - Kent Johnson is hit by Jeremy Lauzon and loses puck.
4:58 of 1st period - Snap shot by Joel Eriksson Ek.
4:58 of 1st period - Shot Misses the Net.
5:00 of 1st period - Snap shot by Joel Eriksson Ek.
5:00 of 1st period - Stopped by Logan Thompson without a rebound.
5:01 of 1st period - Joel Eriksson Ek wins face-off versus Evgeni Malkin in Minnesota North Stars zone.
5:14 of 1st period - Snap shot by Joel Eriksson Ek.
5:14 of 1st period - Shot Misses the Net.
5:24 of 1st period - Wrist shot by Jack Hughes.
5:24 of 1st period - Stopped by Ilya Sorokin with a rebound.
5:34 of 1st period - Snap shot by Frank Vatrano.
5:34 of 1st period - Shot Misses the Net.
5:36 of 1st period - Snap shot by Frank Vatrano.
5:36 of 1st period - Stopped by Ilya Sorokin without a rebound.
5:37 of 1st period - Ryan Nugent-Hopkins wins face-off versus J.T. Miller in Calgary Flames zone.
6:58 of 1st period - Snap shot by Matthew Tkachuk.
6:58 of 1st period - Stopped by Logan Thompson without a rebound.
6:59 of 1st period - Chris Kreider wins face-off versus Ryan Nugent-Hopkins in Minnesota North Stars zone.
7:00 of 1st period - Snap shot by J.T. Miller.
7:00 of 1st period - Shot Misses the Net.
7:02 of 1st period - Snap shot by Chris Kreider.
7:02 of 1st period - Stopped by Logan Thompson with a rebound.
7:03 of 1st period - J.T. Miller beats up Erik Cernak.
7:03 of 1st period - Penalty to J.T. Miller for Fighting.
7:03 of 1st period - Penalty to Erik Cernak for Fighting.
7:04 of 1st period - Nic Dowd wins face-off versus Ryan Nugent-Hopkins in Minnesota North Stars zone.
7:17 of 1st period - Nic Dowd is hit by Neal Pionk and loses puck.
7:44 of 1st period - Wrist shot by Sebastian Aho.
7:44 of 1st period - Goal by Sebastian Aho - Minnesota North Stars : 0 - Calgary Flames : 1.
7:45 of 1st period - Jonathan Marchessault wins face-off versus Nic Dowd in neutral zone.
8:00 of 1st period - Wrist shot by Ryan Nugent-Hopkins.
8:00 of 1st period - Shot Misses the Net.
8:02 of 1st period - Slapshot by Gustav Forsling.
8:02 of 1st period - Shot Blocked by Filip Hronek.
8:19 of 1st period - Gustav Forsling is hit by Nic Dowd and loses puck.
8:26 of 1st period - Slapshot by Chris Kreider.
8:26 of 1st period - Shot Misses the Net.
8:30 of 1st period - Snap shot by Cale Makar.
8:30 of 1st period - Deflect By Chris Kreider.
8:30 of 1st period - Stopped by Logan Thompson with a rebound.
8:32 of 1st period - Slapshot by Cale Makar.
8:32 of 1st period - Stopped by Logan Thompson with a rebound.
8:34 of 1st period - Wrist shot by Mathieu Joseph.
8:34 of 1st period - Stopped by Logan Thompson without a rebound.
8:35 of 1st period - Bo Horvat wins face-off versus Brock Nelson in Minnesota North Stars zone.
9:11 of 1st period - Snap shot by Matthew Tkachuk.
9:11 of 1st period - Stopped by Logan Thompson with a rebound.
9:17 of 1st period - Joel Eriksson Ek is hit by Matt Roy and loses puck.
9:38 of 1st period - Snap shot by Ivan Barbashev.
9:38 of 1st period - Shot Misses the Net.
9:40 of 1st period - Slapshot by Niko Mikkola.
9:40 of 1st period - Shot Blocked by Pavel Zacha.
9:46 of 1st period - Minor Penalty to Matthew Tkachuk for Interference.
9:47 of 1st period - Jack Hughes wins face-off versus Bo Horvat in Calgary Flames zone.
9:52 of 1st period - Wrist shot by Valeri Nichushkin.
9:52 of 1st period - Stopped by Ilya Sorokin with a rebound.
9:54 of 1st period - Slapshot by Neal Pionk.
9:54 of 1st period - Stopped by Ilya Sorokin without a rebound.
9:55 of 1st period - Jack Hughes wins face-off versus Bo Horvat in Calgary Flames zone.
10:02 of 1st period - Wrist shot by Valeri Nichushkin.
10:02 of 1st period - Shot Misses the Net.
10:04 of 1st period - Slapshot by Neal Pionk.
10:04 of 1st period - Stopped by Ilya Sorokin without a rebound.
10:05 of 1st period - Brock Nelson wins face-off versus Sebastian Aho in Calgary Flames zone.
10:08 of 1st period - Snap shot by William Eklund.
10:08 of 1st period - Stopped by Ilya Sorokin with a rebound.
10:10 of 1st period - Wrist shot by William Eklund.
10:10 of 1st period - Shot Misses the Net.
10:12 of 1st period - Wrist shot by Brock Nelson.
10:12 of 1st period - Stopped by Ilya Sorokin without a rebound.
10:13 of 1st period - Sebastian Aho wins face-off versus Evgeni Malkin in Calgary Flames zone.
10:24 of 1st period - Snap shot by Brock Nelson.
10:24 of 1st period - Shot Misses the Net.
10:26 of 1st period - Backhand shot by Rasmus Dahlin.
10:26 of 1st period - Shot Blocked by Sebastian Aho.
10:28 of 1st period - Slapshot by Matt Roy.
10:28 of 1st period - Stopped by Ilya Sorokin with a rebound.
10:44 of 1st period - Snap shot by Brock Nelson.
10:44 of 1st period - Shot Misses the Net.
10:46 of 1st period - Slapshot by Matt Roy.
10:46 of 1st period - Shot Misses the Net.
10:48 of 1st period - Slapshot by Rasmus Dahlin.
10:48 of 1st period - Shot Blocked by Cale Makar.
10:50 of 1st period - Slapshot by Evgeni Malkin.
10:50 of 1st period - Deflect By Cale Makar.
10:50 of 1st period - Shot Hit the Post.
10:50 of 1st period - Puck is out of play.
10:51 of 1st period - Jack Hughes wins face-off versus Sebastian Aho in Calgary Flames zone.
11:04 of 1st period - Wrist shot by Valeri Nichushkin.
11:04 of 1st period - Shot Misses the Net.
11:14 of 1st period - Valeri Nichushkin is hit by Joel Eriksson Ek and loses puck.
11:25 of 1st period - Alec Martinez is hit by Valeri Nichushkin and loses puck.
11:32 of 1st period - Wrist shot by Valeri Nichushkin.
11:32 of 1st period - Stopped by Ilya Sorokin with a rebound.
11:34 of 1st period - Backhand shot by Valeri Nichushkin.
11:34 of 1st period - Shot Misses the Net.
11:36 of 1st period - Slapshot by Gustav Forsling.
11:36 of 1st period - Shot Misses the Net.
11:38 of 1st period - Wrist shot by Jack Hughes.
11:38 of 1st period - Stopped by Ilya Sorokin with a rebound.
11:40 of 1st period - Snap shot by Jack Hughes.
11:40 of 1st period - Shot Misses the Net.
11:44 of 1st period - Snap shot by Jack Hughes.
11:44 of 1st period - Stopped by Ilya Sorokin with a rebound.
11:46 of 1st period - Penalty to Matthew Tkachuk is over, Matthew Tkachuk is back on ice.
12:04 of 1st period - Wrist shot by Valeri Nichushkin.
12:04 of 1st period - Goal by Valeri Nichushkin - Minnesota North Stars : 1 - Calgary Flames : 1.
12:05 of 1st period - J.T. Miller wins face-off versus William Karlsson in neutral zone.
12:12 of 1st period - Slapshot by J.T. Miller.
12:12 of 1st period - Stopped by Logan Thompson with a rebound.
12:20 of 1st period - Wrist shot by Chris Kreider.
12:20 of 1st period - Stopped by Logan Thompson without a rebound.
12:21 of 1st period - Nic Dowd wins face-off versus Mattias Janmark in Minnesota North Stars zone.
12:32 of 1st period - Slapshot by Cale Makar.
12:32 of 1st period - Deflect By Rasmus Dahlin.
12:32 of 1st period - Stopped by Logan Thompson with a rebound.
12:34 of 1st period - Snap shot by Nic Dowd.
12:34 of 1st period - Stopped by Logan Thompson without a rebound.
12:35 of 1st period - J.T. Miller wins face-off versus Brock Nelson in Minnesota North Stars zone.
13:13 of 1st period - Snap shot by Ryan Nugent-Hopkins.
13:13 of 1st period - Shot Blocked by Filip Hronek.
13:24 of 1st period - Icing by Filip Hronek.
13:25 of 1st period - Joel Eriksson Ek wins face-off versus William Karlsson in Calgary Flames zone.
13:48 of 1st period - Snap shot by Joel Eriksson Ek.
13:48 of 1st period - Stopped by Logan Thompson with a rebound.
13:50 of 1st period - Snap shot by Joel Eriksson Ek.
13:50 of 1st period - Stopped by Logan Thompson without a rebound.
13:51 of 1st period - Bo Horvat wins face-off versus Ryan Nugent-Hopkins in Minnesota North Stars zone.
13:54 of 1st period - Wrist shot by Zach Hyman.
13:54 of 1st period - Shot Blocked by William Eklund.
14:14 of 1st period - Minor Penalty to Zach Hyman for Slashing.
14:15 of 1st period - Bo Horvat wins face-off versus Evgeni Malkin in Calgary Flames zone.
15:31 of 1st period - Gustav Forsling is hit by J.T. Miller and loses puck.
15:58 of 1st period - Matthew Tkachuk is hit by William Eklund and loses puck.
16:14 of 1st period - Penalty to Zach Hyman is over, Zach Hyman is back on ice.
16:42 of 1st period - Minor Penalty to Neal Pionk for Tripping.
16:43 of 1st period - Bo Horvat wins face-off versus Ryan Nugent-Hopkins in Minnesota North Stars zone.
16:50 of 1st period - Snap shot by Bo Horvat.
16:50 of 1st period - Stopped by Logan Thompson without a rebound.
16:51 of 1st period - Bo Horvat wins face-off versus Ryan Nugent-Hopkins in Minnesota North Stars zone.
17:10 of 1st period - Wrist shot by Bo Horvat.
17:10 of 1st period - Goal by Bo Horvat - Minnesota North Stars : 1 - Calgary Flames : 2.
17:11 of 1st period - Bo Horvat wins face-off versus Jack Hughes in neutral zone.
17:14 of 1st period - Wrist shot by Zach Hyman.
17:14 of 1st period - Shot Blocked by Jack Hughes.
17:16 of 1st period - Snap shot by Bo Horvat.
17:16 of 1st period - Shot Blocked by Gustav Forsling.
17:18 of 1st period - Slapshot by Kris Letang.
17:18 of 1st period - Shot Blocked by Niko Mikkola.
17:20 of 1st period - Snap shot by Sebastian Aho.
17:20 of 1st period - Stopped by Logan Thompson without a rebound.
17:21 of 1st period - Bo Horvat wins face-off versus Evgeni Malkin in Minnesota North Stars zone.
17:24 of 1st period - Snap shot by Sebastian Aho.
17:24 of 1st period - Shot Blocked by Niko Mikkola.
17:26 of 1st period - Slapshot by Cale Makar.
17:26 of 1st period - Deflect By Gustav Forsling.
17:26 of 1st period - Stopped by Logan Thompson without a rebound.
17:27 of 1st period - Bo Horvat wins face-off versus Brock Nelson in Minnesota North Stars zone.
17:28 of 1st period - Snap shot by Sebastian Aho.
17:28 of 1st period - Stopped by Logan Thompson without a rebound.
17:29 of 1st period - Sebastian Aho wins face-off versus Brock Nelson in Minnesota North Stars zone.
18:22 of 1st period - Snap shot by William Eklund.
18:22 of 1st period - Stopped by Ilya Sorokin with a rebound.
18:38 of 1st period - Niko Mikkola is hit by Bo Horvat and loses puck.
18:51 of 1st period - Wrist shot by Ryan Nugent-Hopkins.
18:51 of 1st period - Stopped by Ilya Sorokin without a rebound.
18:52 of 1st period - Brock Nelson wins face-off versus J.T. Miller in Calgary Flames zone.
18:53 of 1st period - Wrist shot by Kent Johnson.
18:53 of 1st period - Stopped by Ilya Sorokin without a rebound.
18:54 of 1st period - J.T. Miller wins face-off versus Kent Johnson in Calgary Flames zone.
19:45 of 1st period - Wrist shot by Matthew Tkachuk.
19:45 of 1st period - Shot Misses the Net.
19:52 of 1st period - Snap shot by Jonathan Marchessault.
19:52 of 1st period - Shot Blocked by Alec Martinez.
Goals for this period are 1 for Minnesota North Stars vs 2 for Calgary Flames.
Shots for this period are 17 for Minnesota North Stars vs 20 for Calgary Flames.

2nd period


0:01 of 2nd period - Sebastian Aho wins face-off versus Brock Nelson in neutral zone.
0:03 of 2nd period - Off-side.
0:04 of 2nd period - Brock Nelson wins face-off versus Bo Horvat in neutral zone.
0:40 of 2nd period - Snap shot by Evgeni Malkin.
0:40 of 2nd period - Shot Misses the Net.
1:02 of 2nd period - Wrist shot by Joel Eriksson Ek.
1:02 of 2nd period - Shot Misses the Net.
1:04 of 2nd period - Wrist shot by Matthew Tkachuk.
1:04 of 2nd period - Stopped by Logan Thompson without a rebound.
1:05 of 2nd period - Brock Nelson wins face-off versus Bo Horvat in Minnesota North Stars zone.
1:05 of 2nd period - Kent Johnson is hit by Sebastian Aho and loses puck.
1:10 of 2nd period - Snap shot by Sebastian Aho.
1:10 of 2nd period - Shot Misses the Net.
1:12 of 2nd period - Snap shot by Cale Makar.
1:12 of 2nd period - Stopped by Logan Thompson without a rebound.
1:13 of 2nd period - Bo Horvat wins face-off versus Valeri Nichushkin in Minnesota North Stars zone.
1:17 of 2nd period - Minor Penalty to Kris Letang for Interference.
1:18 of 2nd period - Evgeni Malkin wins face-off versus Bo Horvat in Calgary Flames zone.
1:25 of 2nd period - Evgeni Malkin is hit by Sebastian Aho and loses puck.
1:44 of 2nd period - Joel Eriksson Ek is hit by Rasmus Dahlin and loses puck.
3:17 of 2nd period - Penalty to Kris Letang is over, Kris Letang is back on ice.
4:04 of 2nd period - Wrist shot by Kris Letang.
4:04 of 2nd period - Shot Misses the Net.
4:21 of 2nd period - Icing by Jack Hughes.
4:22 of 2nd period - J.T. Miller wins face-off versus Jack Hughes in Minnesota North Stars zone.
5:56 of 2nd period - Minor Penalty to Mathieu Joseph for Holding.
5:57 of 2nd period - Bo Horvat wins face-off versus Jack Hughes in Calgary Flames zone.
6:28 of 2nd period - J.T. Miller is hit by William Eklund and loses puck.
7:56 of 2nd period - Penalty to Mathieu Joseph is over, Mathieu Joseph is back on ice.
8:03 of 2nd period - Icing by Mathieu Joseph.
8:04 of 2nd period - William Karlsson wins face-off versus Matthew Tkachuk in Calgary Flames zone.
8:07 of 2nd period - Snap shot by Ivan Barbashev.
8:07 of 2nd period - Shot Blocked by Mathieu Joseph.
8:09 of 2nd period - Snap shot by Mattias Janmark.
8:09 of 2nd period - Stopped by Ilya Sorokin without a rebound.
8:10 of 2nd period - William Karlsson wins face-off versus Joel Eriksson Ek in Calgary Flames zone.
8:40 of 2nd period - Snap shot by Frank Vatrano.
8:40 of 2nd period - Shot Misses the Net.
8:42 of 2nd period - Wrist shot by Frank Vatrano.
8:42 of 2nd period - Shot Misses the Net.
8:44 of 2nd period - Slapshot by Erik Cernak.
8:44 of 2nd period - Deflect By Jack Hughes.
8:44 of 2nd period - Stopped by Ilya Sorokin with a rebound.
8:51 of 2nd period - Icing by Alec Martinez.
8:52 of 2nd period - Ryan Nugent-Hopkins wins face-off versus Bo Horvat in Calgary Flames zone.
8:53 of 2nd period - Wrist shot by Jonathan Marchessault.
8:53 of 2nd period - Shot Blocked by Sebastian Aho.
9:08 of 2nd period - Jeremy Lauzon is hit by Matt Roy and loses puck.
9:11 of 2nd period - Minor Penalty to Neal Pionk for Hooking.
9:12 of 2nd period - Ryan Nugent-Hopkins wins face-off versus J.T. Miller in Minnesota North Stars zone.
9:25 of 2nd period - Mattias Janmark is hit by Chris Kreider.
11:11 of 2nd period - Penalty to Neal Pionk is over, Neal Pionk is back on ice.
11:36 of 2nd period - Alec Martinez is hit by Jonathan Marchessault.
11:50 of 2nd period - Slapshot by Matthew Tkachuk.
11:50 of 2nd period - Stopped by Logan Thompson with a rebound.
11:52 of 2nd period - Wrist shot by Joel Eriksson Ek.
11:52 of 2nd period - Shot Misses the Net.
11:54 of 2nd period - Slapshot by Drew Doughty.
11:54 of 2nd period - Shot Misses the Net.
12:02 of 2nd period - Snap shot by Jonathan Marchessault.
12:02 of 2nd period - Stopped by Ilya Sorokin with a rebound.
12:04 of 2nd period - Slapshot by Gustav Forsling.
12:04 of 2nd period - Shot Blocked by Nic Dowd.
12:06 of 2nd period - Snap shot by Erik Cernak.
12:06 of 2nd period - Shot Blocked by Ben Meyers.
12:08 of 2nd period - Snap shot by Kent Johnson.
12:08 of 2nd period - Shot Blocked by Kris Letang.
12:10 of 2nd period - Slapshot by Gustav Forsling.
12:10 of 2nd period - Shot Blocked by Kris Letang.
12:12 of 2nd period - Slapshot by Neal Pionk.
12:12 of 2nd period - Shot Misses the Net.
12:14 of 2nd period - Snap shot by Kent Johnson.
12:14 of 2nd period - Shot Misses the Net.
12:49 of 2nd period - Snap shot by Kent Johnson.
12:49 of 2nd period - Shot Misses the Net.
12:51 of 2nd period - Wrist shot by Kent Johnson.
12:51 of 2nd period - Shot Blocked by Cale Makar.
12:53 of 2nd period - Slapshot by Gustav Forsling.
12:53 of 2nd period - Deflect By Neal Pionk.
12:53 of 2nd period - Stopped by Ilya Sorokin with a rebound.
12:55 of 2nd period - Slapshot by Gustav Forsling.
12:55 of 2nd period - Deflect By Neal Pionk.
12:55 of 2nd period - Shot Blocked by Nic Dowd.
12:55 of 2nd period - Puck is out of play.
12:56 of 2nd period - J.T. Miller wins face-off versus Jack Hughes in Calgary Flames zone.
12:56 of 2nd period - J.T. Miller is hit by Rasmus Dahlin.
13:04 of 2nd period - Wrist shot by Chris Kreider.
13:04 of 2nd period - Stopped by Logan Thompson with a rebound.
13:26 of 2nd period - Snap shot by William Karlsson.
13:26 of 2nd period - Deflect By Ivan Barbashev.
13:26 of 2nd period - Shot Misses the Net.
13:26 of 2nd period - Puck is out of play.
13:27 of 2nd period - William Karlsson wins face-off versus Bo Horvat in Calgary Flames zone.
13:40 of 2nd period - Wrist shot by Zach Hyman.
13:40 of 2nd period - Shot Blocked by Mattias Janmark.
13:42 of 2nd period - Backhand shot by Zach Hyman.
13:42 of 2nd period - Deflect By Bo Horvat.
13:42 of 2nd period - Shot Blocked by Mattias Janmark.
13:42 of 2nd period - Puck is out of play.
13:43 of 2nd period - Evgeni Malkin wins face-off versus J.T. Miller in Minnesota North Stars zone.
13:45 of 2nd period - Icing by Jack Hughes.
13:46 of 2nd period - Jack Hughes wins face-off versus J.T. Miller in Minnesota North Stars zone.
14:11 of 2nd period - Ivan Barbashev is hit by Sebastian Aho and loses puck.
14:27 of 2nd period - Icing by Drew Doughty.
14:28 of 2nd period - Joel Eriksson Ek wins face-off versus Brock Nelson in Calgary Flames zone.
14:33 of 2nd period - Wrist shot by Matthew Tkachuk.
14:33 of 2nd period - Deflect By Brock Nelson.
14:33 of 2nd period - Shot Misses the Net.
14:33 of 2nd period - Puck is out of play.
14:34 of 2nd period - Joel Eriksson Ek wins face-off versus Valeri Nichushkin in Minnesota North Stars zone.
14:53 of 2nd period - Wrist shot by Kent Johnson.
14:53 of 2nd period - Shot Blocked by Cale Makar.
14:55 of 2nd period - Snap shot by Kent Johnson.
14:55 of 2nd period - Stopped by Ilya Sorokin without a rebound.
14:56 of 2nd period - Ryan Nugent-Hopkins wins face-off versus Bo Horvat in Calgary Flames zone.
15:23 of 2nd period - Erik Cernak is hit by Jeremy Lauzon and loses puck.
15:46 of 2nd period - Wrist shot by Mattias Janmark.
15:46 of 2nd period - Goal by Mattias Janmark - Minnesota North Stars : 2 - Calgary Flames : 2.
15:47 of 2nd period - Bo Horvat wins face-off versus Ryan Nugent-Hopkins in neutral zone.
15:56 of 2nd period - Slapshot by Bo Horvat.
15:56 of 2nd period - Stopped by Logan Thompson without a rebound.
15:57 of 2nd period - Ryan Nugent-Hopkins wins face-off versus Bo Horvat in Minnesota North Stars zone.
15:57 of 2nd period - Ryan Nugent-Hopkins is hit by Bo Horvat.
16:04 of 2nd period - Minor Penalty to Sebastian Aho for Slashing.
16:05 of 2nd period - Evgeni Malkin wins face-off versus Bo Horvat in Calgary Flames zone.
16:09 of 2nd period - Backhand shot by Evgeni Malkin.
16:09 of 2nd period - Stopped by Ilya Sorokin with a rebound.
16:11 of 2nd period - Snap shot by William Eklund.
16:11 of 2nd period - Stopped by Ilya Sorokin with a rebound.
16:13 of 2nd period - Slapshot by Neal Pionk.
16:13 of 2nd period - Stopped by Ilya Sorokin without a rebound.
16:14 of 2nd period - Evgeni Malkin wins face-off versus Matthew Tkachuk in Calgary Flames zone.
17:39 of 2nd period - Wrist shot by Jack Hughes.
17:39 of 2nd period - Shot Blocked by Alec Martinez.
17:48 of 2nd period - Off-side.
17:49 of 2nd period - J.T. Miller wins face-off versus Jack Hughes in neutral zone.
18:04 of 2nd period - Penalty to Sebastian Aho is over, Sebastian Aho is back on ice.
18:40 of 2nd period - Kris Letang is hit by Rasmus Dahlin and loses puck.
18:45 of 2nd period - Snap shot by Jack Hughes.
18:45 of 2nd period - Shot Blocked by Bo Horvat.
18:47 of 2nd period - Slapshot by Matt Roy.
18:47 of 2nd period - Stopped by Ilya Sorokin with a rebound.
18:49 of 2nd period - Snap shot by Jack Hughes.
18:49 of 2nd period - Shot Misses the Net.
18:51 of 2nd period - Slapshot by Valeri Nichushkin.
18:51 of 2nd period - Shot Blocked by Cale Makar.
18:53 of 2nd period - Slapshot by Rasmus Dahlin.
18:53 of 2nd period - Stopped by Ilya Sorokin with a rebound.
19:01 of 2nd period - Wrist shot by Jack Hughes.
19:01 of 2nd period - Stopped by Ilya Sorokin without a rebound.
19:02 of 2nd period - J.T. Miller wins face-off versus William Karlsson in Calgary Flames zone.
Goals for this period are 1 for Minnesota North Stars vs 0 for Calgary Flames.
Shots for this period are 12 for Minnesota North Stars vs 5 for Calgary Flames.
0:00 of 3rd period - Minor Penalty to Rasmus Dahlin for Interference.
Goals for this period are 1 for Minnesota North Stars vs 0 for Calgary Flames.
Shots for this period are 12 for Minnesota North Stars vs 5 for Calgary Flames.

3rd period


0:01 of 3rd period - J.T. Miller wins face-off versus Ryan Nugent-Hopkins in neutral zone.
0:16 of 3rd period - Slapshot by Cale Makar.
0:16 of 3rd period - Shot Misses the Net.
0:37 of 3rd period - Slapshot by Cale Makar.
0:37 of 3rd period - Shot Blocked by Mattias Janmark.
1:05 of 3rd period - Mattias Janmark is hit by Zach Hyman.
1:46 of 3rd period - Wrist shot by Ben Meyers.
1:46 of 3rd period - Stopped by Logan Thompson without a rebound.
1:47 of 3rd period - William Karlsson wins face-off versus Alec Martinez in Minnesota North Stars zone.
1:47 of 3rd period - William Karlsson is hit by Nic Dowd.
2:00 of 3rd period - Penalty to Rasmus Dahlin is over, Rasmus Dahlin is back on ice.
2:52 of 3rd period - Alec Martinez is hit by Matt Roy.
3:20 of 3rd period - Wrist shot by J.T. Miller.
3:20 of 3rd period - Stopped by Logan Thompson with a rebound.
3:30 of 3rd period - Matthew Tkachuk is hit by Evgeni Malkin and loses puck.
3:37 of 3rd period - Wrist shot by Jack Hughes.
3:37 of 3rd period - Goal by Jack Hughes - Minnesota North Stars : 3 - Calgary Flames : 2.
3:38 of 3rd period - J.T. Miller wins face-off versus Ryan Nugent-Hopkins in neutral zone.
3:53 of 3rd period - Wrist shot by Ryan Nugent-Hopkins.
3:53 of 3rd period - Deflect By Drew Doughty.
3:53 of 3rd period - Stopped by Ilya Sorokin with a rebound.
3:55 of 3rd period - Wrist shot by William Eklund.
3:55 of 3rd period - Shot Misses the Net.
4:05 of 3rd period - Gustav Forsling is hit by Zach Hyman.
4:13 of 3rd period - Snap shot by Bo Horvat.
4:13 of 3rd period - Stopped by Logan Thompson with a rebound.
4:41 of 3rd period - Minor Penalty to Erik Cernak for Roughing.
4:42 of 3rd period - William Karlsson wins face-off versus J.T. Miller in Minnesota North Stars zone.
5:16 of 3rd period - Slapshot by Cale Makar.
5:16 of 3rd period - Stopped by Logan Thompson with a rebound.
5:18 of 3rd period - Slapshot by Cale Makar.
5:18 of 3rd period - Stopped by Logan Thompson with a rebound.
5:55 of 3rd period - Icing by Zach Hyman.
5:56 of 3rd period - William Karlsson wins face-off versus Bo Horvat in Calgary Flames zone.
6:41 of 3rd period - Penalty to Erik Cernak is over, Erik Cernak is back on ice.
7:19 of 3rd period - Slapshot by Nick Paul.
7:19 of 3rd period - Shot Blocked by Rasmus Dahlin.
7:27 of 3rd period - Filip Hronek is hit by Frank Vatrano and loses puck.
7:44 of 3rd period - Snap shot by Matt Roy.
7:44 of 3rd period - Shot Misses the Net.
7:46 of 3rd period - Slapshot by Matt Roy.
7:46 of 3rd period - Deflect By Ryan Nugent-Hopkins.
7:46 of 3rd period - Stopped by Ilya Sorokin without a rebound.
7:47 of 3rd period - J.T. Miller wins face-off versus Brock Nelson in Calgary Flames zone.
7:47 of 3rd period - J.T. Miller is hit by Brock Nelson.
7:55 of 3rd period - Wrist shot by J.T. Miller.
7:55 of 3rd period - Stopped by Logan Thompson without a rebound.
7:56 of 3rd period - Brock Nelson wins face-off versus J.T. Miller in Minnesota North Stars zone.
8:01 of 3rd period - Slapshot by Matt Roy.
8:01 of 3rd period - Shot Misses the Net.
8:17 of 3rd period - Snap shot by Chris Kreider.
8:17 of 3rd period - Stopped by Logan Thompson without a rebound.
8:18 of 3rd period - Bo Horvat wins face-off versus Ryan Nugent-Hopkins in Minnesota North Stars zone.
8:35 of 3rd period - Sebastian Aho is hit by Matt Roy and loses puck.
8:58 of 3rd period - Wrist shot by Chris Kreider.
8:58 of 3rd period - Shot Misses the Net.
9:31 of 3rd period - Off-side.
9:32 of 3rd period - Nic Dowd wins face-off versus William Karlsson in neutral zone.
9:37 of 3rd period - Snap shot by Ben Meyers.
9:37 of 3rd period - Stopped by Logan Thompson with a rebound.
10:23 of 3rd period - Snap shot by Sebastian Aho.
10:23 of 3rd period - Deflect By Bo Horvat.
10:23 of 3rd period - Shot Blocked by Erik Cernak.
10:23 of 3rd period - Puck is out of play.
10:24 of 3rd period - Bo Horvat wins face-off versus Ryan Nugent-Hopkins in Minnesota North Stars zone.
10:36 of 3rd period - Minor Penalty to Ryan Nugent-Hopkins for Tripping.
10:37 of 3rd period - Bo Horvat wins face-off versus Jonathan Marchessault in Minnesota North Stars zone.
11:09 of 3rd period - Snap shot by J.T. Miller.
11:09 of 3rd period - Shot Blocked by William Karlsson.
11:11 of 3rd period - Snap shot by J.T. Miller.
11:11 of 3rd period - Shot Misses the Net.
11:13 of 3rd period - Wrist shot by Mathieu Joseph.
11:13 of 3rd period - Stopped by Logan Thompson with a rebound.
11:19 of 3rd period - Minor Penalty to Niko Mikkola for Hooking.
11:20 of 3rd period - J.T. Miller wins face-off versus Jonathan Marchessault in Minnesota North Stars zone.
11:45 of 3rd period - Gustav Forsling is hit by Bo Horvat and loses puck.
12:36 of 3rd period - Penalty to Ryan Nugent-Hopkins is over, Ryan Nugent-Hopkins is back on ice.
12:41 of 3rd period - Snap shot by Jonathan Marchessault.
12:41 of 3rd period - Stopped by Ilya Sorokin with a rebound.
13:19 of 3rd period - Penalty to Niko Mikkola is over, Niko Mikkola is back on ice.
13:33 of 3rd period - Joel Eriksson Ek is hit by Brock Nelson and loses puck.
13:40 of 3rd period - Brock Nelson is hit by Matthew Tkachuk and loses puck.
13:57 of 3rd period - Snap shot by Nic Dowd.
13:57 of 3rd period - Stopped by Logan Thompson with a rebound.
14:52 of 3rd period - Slapshot by Kent Johnson.
14:52 of 3rd period - Stopped by Ilya Sorokin with a rebound.
14:54 of 3rd period - Slapshot by Neal Pionk.
14:54 of 3rd period - Stopped by Ilya Sorokin with a rebound.
14:56 of 3rd period - Slapshot by Ivan Barbashev.
14:56 of 3rd period - Shot Misses the Net.
14:58 of 3rd period - Slapshot by Matt Roy.
14:58 of 3rd period - Shot Misses the Net.
15:00 of 3rd period - Snap shot by Matt Roy.
15:00 of 3rd period - Shot Blocked by Cale Makar.
15:02 of 3rd period - Slapshot by Neal Pionk.
15:02 of 3rd period - Shot Misses the Net.
15:14 of 3rd period - Bo Horvat is hit by Evgeni Malkin and loses puck.
15:35 of 3rd period - Backhand shot by Chris Kreider.
15:35 of 3rd period - Shot Misses the Net.
15:37 of 3rd period - Wrist shot by Mathieu Joseph.
15:37 of 3rd period - Stopped by Logan Thompson with a rebound.
17:00 of 3rd period - Nic Dowd is hit by Neal Pionk and loses puck.
17:24 of 3rd period - Wrist shot by Ivan Barbashev.
17:24 of 3rd period - Shot Misses the Net.
17:26 of 3rd period - Snap shot by Gustav Forsling.
17:26 of 3rd period - Shot Blocked by Bo Horvat.
17:45 of 3rd period - William Eklund is hit by Pavel Zacha and loses puck.
18:05 of 3rd period - Mathieu Joseph is hit by Brock Nelson and loses puck.
18:12 of 3rd period - Wrist shot by Valeri Nichushkin.
18:12 of 3rd period - Shot Blocked by Jeremy Lauzon.
18:19 of 3rd period - Icing by Alec Martinez.
18:20 of 3rd period - Ben Meyers wins face-off versus Jack Hughes in Calgary Flames zone.
18:27 of 3rd period - Slapshot by Nic Dowd.
18:27 of 3rd period - Stopped by Logan Thompson without a rebound.
18:28 of 3rd period - Joel Eriksson Ek wins face-off versus William Eklund in Minnesota North Stars zone.
18:37 of 3rd period - Calgary Flames, Ilya Sorokin is pulled from the net.
19:00 of 3rd period - Icing by Drew Doughty.
19:01 of 3rd period - Ilya Sorokin from Calgary Flames was sent back in the game.
19:01 of 3rd period - Mattias Janmark wins face-off versus Bo Horvat in Calgary Flames zone.
19:12 of 3rd period - Calgary Flames, Ilya Sorokin is pulled from the net.
19:36 of 3rd period - Snap shot by Bo Horvat.
19:36 of 3rd period - Stopped by Logan Thompson without a rebound.
19:37 of 3rd period - Bruce Boudreau call a timeout for Calgary Flames.
19:37 of 3rd period - Ryan Nugent-Hopkins wins face-off versus Bo Horvat in Minnesota North Stars zone.
19:37 of 3rd period - Ryan Nugent-Hopkins is hit by Zach Hyman.
19:40 of 3rd period - Minor Penalty to Gustav Forsling for Slashing.
19:41 of 3rd period - William Karlsson wins face-off versus J.T. Miller in Minnesota North Stars zone.
19:53 of 3rd period - Snap shot by J.T. Miller.
19:53 of 3rd period - Shot Blocked by Ryan Nugent-Hopkins.
19:55 of 3rd period - Snap shot by J.T. Miller.
19:55 of 3rd period - Stopped by Logan Thompson without a rebound.
19:56 of 3rd period - Bo Horvat wins face-off versus William Karlsson in Minnesota North Stars zone.
Goals for this period are 1 for Minnesota North Stars vs 0 for Calgary Flames.
Shots for this period are 6 for Minnesota North Stars vs 14 for Calgary Flames.